 Dungeon Crawl Stone Soup version 0.23-a0-666-g28d4f2f0af (webtiles) character file.

253260 Mazzaar the Eclecticist (level 20, -10/124 HPs)
             Began as a Gargoyle Earth Elementalist on Jan 7, 2019.
             Was the Champion of Vehumet.
             Killed from afar by a manticore (13 damage)
             ... with a volley of spikes
             ... on level 2 of the Shoals on Jan 8, 2019.
             The game lasted 02:48:28 (51441 turns).

Mazzaar the Eclecticist (GrEE)                     Turns: 51441, Time: 02:48:28

Health: -10/124    AC: 31    Str: 16    XL:     20   Next: 15%
Magic:  26/48      EV: 18    Int: 24    God:    Vehumet [******]
Gold:   2489       SH:  0    Dex: 13    Spells: 19/50 levels left

rFire    + . .     SeeInvis +   a - +10 morningstar "Eos" {elec, Halo rElec}
rCold    + . .     Gourm    +   (no shield)
rNeg     + . .     Faith    .   e - +2 robe {Archmagi}
rPois    ∞         Spirit   .   P - +2 hat {SInv}
rElec    +         Reflect  .   R - +0 cloak of Suafoczo {MP+9 Stlth+}
rCorr    .         Harm     .   p - +1 pair of gloves {Str+3}
MR       +....                  U - +1 pair of boots
Stlth    +.........             w - amulet of the gourmand
HPRegen  0.30/turn              G - ring "Wyeruum" {rPois rF+ rC+ Dex+3}
MPRegen  0.31/turn              z - ring of wizardry

@: barbed spikes, flying, very slightly contaminated, slowed, glowing, very slow
A: big wings, slimy green scales 2, negative energy resistance 1, shaggy fur 1,
electricity resistance, unbreathing, petrification resistance, rot immunity, AC
+15
}: 1/15 runes: serpentine
a: Stop Flying, Renounce Religion


You were on level 2 of the Shoals.
You worshipped Vehumet.
Vehumet was exalted by your worship.
You were not hungry.

You visited 7 branches of the dungeon, and saw 33 of its levels.
You visited 1 bazaar.
You also visited: Gauntlet and Ice Cave.

You collected 6813 gold pieces.
You spent 4324 gold pieces at shops.

Inventory:

Hand Weapons
 a - the +10 morningstar "Eos" (weapon) {elec, Halo rElec}
   (You took it off a deep elf mage on level 1 of the Elven Halls)

   Occasionally, upon striking a foe, it will discharge some electrical energy
   and cause terrible harm.
   It insulates you from electricity.
 u - a +7 morningstar of freezing
Missiles
 b - 515 stones (quivered)
Armour
 e - a +2 robe of the Archmagi (worn)
 j - the +3 pair of gloves of Uryqu {rPois MR- Int+2 Dex+4}
   (You found it on level 2 of the Elven Halls)

   It affects your intelligence (+2).
   It affects your dexterity (+4).
   It protects you from poison.
   It affects your resistance to hostile enchantments.
 m - the +1 robe "Ukuttiq" {rElec Int+6}
   (You bought it in a shop on level 2 of the Orcish Mines)

   It affects your intelligence (+6).
   It insulates you from electricity.
 p - a +1 pair of gloves of strength (worn)
 s - a scarf of resistance
 P - a +2 hat of see invisible (worn)
 R - the +0 cloak of Suafoczo (worn) {MP+9 Stlth+}
   (You found it in a Gauntlet)

   It affects your magic capacity (+9).
   It makes you more stealthy.
 U - a +1 pair of boots (worn)
Magical Staves
 H - an uncursed staff of fire
 T - an uncursed staff of energy
Jewellery
 n - an uncursed ring of protection from cold
 w - an amulet of the gourmand (around neck)
 z - a ring of wizardry (right hand)
 A - an uncursed ring of protection from fire
 C - the ring "Hoasanir" {rPois rC- rN+++}
   (You found it on level 6 of the Dungeon)

   [ring of poison resistance]

   It makes you vulnerable to cold.
   It protects you from poison.
   It renders you almost immune to negative energy.
 G - the ring "Wyeruum" (left hand) {rPois rF+ rC+ Dex+3}
   (You found it on level 8 of the Dungeon)

   [ring of poison resistance]

   It affects your dexterity (+3).
   It protects you from fire.
   It protects you from cold.
   It protects you from poison.
 L - a cursed +3 ring of dexterity
 S - an uncursed ring of protection from magic
Wands
 B - a wand of paralysis (30)
 K - a wand of enslavement (13)
 O - a wand of iceblast (13)
 W - a wand of disintegration (57)
Scrolls
 c - 2 scrolls of holy word
 f - 19 scrolls of remove curse
 g - 2 scrolls of blinking
 q - 11 scrolls of teleportation
 x - 13 scrolls of identify
 E - 7 scrolls of immolation
 I - a scroll of silence
 M - 3 scrolls of summoning
 N - 3 scrolls of fog
 V - 3 scrolls of fear
Potions
 h - 4 potions of mutation
 i - 3 potions of resistance
 k - 3 potions of brilliance
 l - 15 potions of curing
 t - 4 potions of magic
 v - 4 potions of might
 D - 7 potions of haste
 F - 4 potions of cancellation
 Q - 2 potions of ambrosia
 X - 5 potions of heal wounds
 Y - a potion of agility
Miscellaneous
 o - a box of beasts
 r - a lamp of fire
 y - a phantom mirror
Comestibles
 d - 64 rations


   Skills:
 + Level 12.6 Fighting
 + Level 11.6 Maces & Flails
 - Level 6.0 Armour
 + Level 10.1 Dodging
 - Level 2.1 Stealth
 + Level 15.8 Spellcasting
 + Level 13.5 Conjurations
 - Level 0.7 Transmutations
 + Level 14.8 Fire Magic
 + Level 14.8 Earth Magic
 - Level 6.0 Evocations


You had 19 spell levels left.
You knew the following spells:

 Your Spells              Type           Power        Failure   Level  Hunger
a - Sandblast             Erth           ######       0%          1    None
b - Stone Arrow           Conj/Erth      ######       1%          3    None
c - Lee's Rapid Deconstr  Erth           #######...   1%          5    #......
d - Passwall              Tmut/Erth      ######..     1%          2    None
f - Bolt of Fire          Conj/Fire      #######...   1%          6    ####...
g - Iron Shot             Conj/Erth      #######...   1%          6    ####...
h - Ignition              Fire           #######...   5%          8    #######

Your spell library contained the following spells:

 Spells                   Type           Power        Failure   Level  Hunger
 Tornado                  Air            ####......   100%        9    #######
 Animate Skeleton         Necr           N/A          1%          1    None
 Apportation              Tloc           ####..       1%          1    None
 Beastly Appendage        Tmut           ####..       1%          1    None
 Confusing Touch          Hex            ####..       1%          1    None
 Corona                   Hex            ####...      1%          1    None
 Infusion                 Chrm           ####         1%          1    None
 Summon Small Mammal      Summ           ####         1%          1    None
 Corpse Rot               Necr           N/A          1%          2    None
 Shroud of Golubria       Chrm/Tloc      ####......   1%          2    None
 Slow                     Hex            ####....     1%          2    None
 Song of Slaying          Chrm           ####....     1%          2    None
 Ignite Poison            Fire/Tmut/Pois ######..     1%          3    None
 Inner Flame              Hex/Fire       ######..     1%          3    None
 Leda's Liquefaction      Hex/Erth       ######....   1%          4    None
 Petrify                  Tmut/Erth      ######..     1%          4    None
 Bolt of Draining         Conj/Necr      ######....   1%          5    #......
 Bolt of Magma            Conj/Fire/Erth #######...   1%          5    #......
 Fireball                 Conj/Fire      #######...   1%          5    #......
 Irradiate                Conj/Tmut      ######....   1%          5    #......
 Confuse                  Hex            ####....     3%          3    None
 Gell's Gravitas          Tloc           ####......   3%          3    None
 Lesser Beckoning         Tloc           ####......   3%          3    None
 Portal Projectile        Hex/Tloc       ####..       3%          3    None
 Regeneration             Chrm/Necr      ####......   3%          3    None
 Spectral Weapon          Hex/Chrm       ####....     3%          3    None
 Summon Guardian Golem    Hex/Summ       ####....     3%          3    None
 Poison Arrow             Conj/Pois      ######....   3%          6    ####...
 Lehudib's Crystal Spear  Conj/Erth      #######...   7%          8    #######
 Yara's Violent Unravell  Hex/Tmut       ####......   8%          5    #......
 Cause Fear               Hex            ####......   12%         4    None
 Agony                    Necr           ####....     32%         5    #......
 Dispel Undead            Necr           ####....     32%         5    #......
 Excruciating Wounds      Chrm/Necr      ####......   32%         5    #......
 Metabolic Englaciation   Hex/Ice        ####......   32%         5    #......
 Ring of Flames           Chrm/Fire      ######....   41%         7    ######.
 Shatter                  Erth           #######...   50%         9    #######
 Fire Storm               Conj/Fire      #######...   58%         9    #######
 Chain Lightning          Conj/Air       ######....   69%         8    #######
 Hydra Form               Tmut           ####......   75%         6    ####...
 Darkness                 Hex            ####......   85%         6    ####...
 Invisibility             Hex            ####....     85%         6    ####...
 Dragon Form              Tmut           ####......   99%         7    ######.
 Glaciate                 Conj/Ice       ######....   100%        9    #######
 Sublimation of Blood     Necr           Unusable     N/A         2    N/A
 Statue Form              Tmut/Erth      Unusable     N/A         6    N/A

Dungeon Overview and Level Annotations

Branches:
Dungeon (15/15)            Temple (1/1) D:4            Lair (6/6) D:10
 Shoals (2/4) Lair:2        Snake (4/4) Lair:3        Slime (0/5) Lair:5
    Orc (2/2) D:9             Elf (3/3) Orc:2        Vaults (0/5) D:14
 Depths (0/5) D:15

Altars:
Ashenzari
Cheibriados
Dithmenos
Fedhas
Gozag
Hepliaklqana
Kikubaaqudgha
Makhleb
Nemelex Xobeh
Ru
Sif Muna
Trog
Uskayaw
Vehumet
Wu Jian
Xom
Yredelemnul
The Shining One
Beogh

Shops:
D:7 ?   D:15 *[   Orc:2 (%[%%   Elf:2 :   Elf:3 ?   Shoals:2 (   Snake:2 *:*

Annotations:
Elf:2 3 runed doors


Innate Abilities, Weirdness & Mutations

You are resistant to torment.
Your stone body is resilient. (AC +15)
You are immune to poison.
Your large and strong wings let you fly indefinitely.
You resist negative energy. (rN+)
You are resistant to electric shocks. (rElec)
You can survive without breathing.
You are immune to petrification.
You are immune to rotting.
You are mostly covered in slimy green scales. (AC +3)
You are covered in fur. (AC +1)


Message History

The satyr is almost dead.
The fireball engulfs the faun.
You kill the faun!
Vehumet accepts your kill.
You feel your power returning.
The fireball engulfs the faun.
You kill the faun!
Vehumet accepts your kill.
You feel your power returning.
The fireball engulfs the manticore.
The manticore is heavily wounded.
The fireball engulfs the merfolk siren.
The merfolk siren is heavily wounded.
The satyr shoots an arrow.
The arrow hits you!!
* * * LOW HITPOINT WARNING * * *
The merfolk siren chants a haunting song.
You resist.
The satyr shoots an arrow.
The arrow hits you!
* * * LOW HITPOINT WARNING * * *
The manticore flicks its tail.
The volley of spikes hits you!
The barbed spikes become lodged in your body.
You die...

≈≈≈.§)......≈≈≈≈≈
≈≈≈m.m.......≈≈.≈
≈≈≈≈§............
≈≈≈≈..)......≈..
≈≈≈≈......).≈######
≈≈≈≈....∩..(...)...
≈H.....%.(()..§§.§.
≈≈≈≈..H<...(.......
≈≈≈≈..(...(@))...≈.
≈≈≈≈≈......).######
≈≈≈≈.............
≈≈≈≈............≈.
≈≈≈........)..c....
≈≈≈..............?.
≈≈..#...?...).§§.≈≈
≈..#.....§§§..≈≈≈


You could see a satyr, a manticore and a merfolk siren.

Vanquished Creatures
  2 deep elf blademasters (Elf:3)
  2 deep elf master archers (Elf:3)
  Gastronok (Lair:1)
  Roxanne (Snake:3)
  11 nagarajas
  The ghost of iamserjio the Impaler, an adept OpWn of Hepliaklqana (Elf:2)
  A deep elf sorcerer (Elf:3)
  5 deep elf elementalists (Elf:3)
  2 entropy weavers (Lair:6)
  9 deep elf demonologists
  11 deep elf annihilators
  A minotaur (Gauntlet)
  2 ettins
  2 merfolk impalers (Shoals:1)
  5 deep elf death magi (Elf:3)
  A merfolk javelineer (Shoals:1)
  A fire dragon (Lair:6)
  Josephine (D:10)
  2 deep elf high priests (Elf:3)
  The ghost of Azzok the Blocker, a journeyman OpEE of Vehumet (Lair:3)
  5 hydras
  12 naga warriors
  Harold (Lair:2)
  3 centaur warriors
  2 merfolk aquamancers
  12 two-headed ogres
  2 ogre magi (Orc:2)
  17 anacondas
  22 dancing weapons
  A merfolk avatar (Shoals:1)
  A queen ant (Lair:6)
  An orc high priest (Elf:2)
  3 tengu warriors
  Urug (Lair:3)
  11 naga sharpshooters
  Nergalle (Lair:1)
  Sonja (Lair:4)
  8 shock serpents
  A shock serpent (shapeshifter) (Elf:2)
  9 deep elf knights
  6 sea snakes (Shoals:1)
  2 deep trolls
  2 salamander mystics
  An iron troll (Orc:1)
  2 wizards
  An unseen horror (D:15)
  A flayed ghost (D:11)
  A lindwurm (Lair:6)
  6 naga ritualists
  19 deep elf archers
  2 orc knights
  4 harpies (Shoals:1)
  A necromancer (D:14)
  8 ugly things
  4 oklob plants (Lair:6)
  A cyclops (shapeshifter) (Elf:2)
  52 deep elf magi
  An orc sorcerer (Orc:1)
  13 salamanders
  9 mana vipers
  A moth of wrath (Elf:2)
  3 fauns (Shoals:2)
  2 manticores
  9 cyclopes
  4 elephants
  7 merfolk sirens
  18 guardian serpents
  19 naga magi
  39 black mambas
  3 water nymphs
  2 molten gargoyles (Lair:6)
  3 ice statues (IceCv)
  15 spiny frogs
  2 gargoyles
  2 rime drakes
  9 komodo dragons
  2 efreet
  2 yaktaurs (D:15)
  A tengu conjurer (D:15)
  12 trolls
  A hornet (D:9)
  17 merfolk
  Grinder (D:3)
  12 hippogriffs
  Prince Ribbit (D:7)
  A harpy skeleton (D:13)
  8 blink frogs
  5 dream sheep
  A centaur simulacrum (D:14)
  A raiju (shapeshifter) (Elf:2)
  A snapping turtle (Shoals:1)
  A hippogriff (shapeshifter) (D:15)
  Sigmund (D:4)
  A tarantella (shapeshifter) (D:14)
  A redback (shapeshifter) (Elf:2)
  9 water elementals
  An air elemental (Elf:1)
  A shadow (D:11)
  8 wyverns
  8 wraiths
  2 vampires
  A wyvern (shapeshifter) (Elf:2)
  2 basilisks (Lair:6)
  56 yaks
  2 fire bats (D:11)
  A human (D:13)
  3 hungry ghosts
  2 steam dragons (Lair:6)
  A steam dragon (shapeshifter) (Elf:2)
  2 hogs (D:13)
  4 wargs
  52 nagas
  5 soldier ants (Lair:6)
  7 porcupines
  14 water moccasins
  18 orc warriors
  4 hell hounds (Lair:6)
  9 ice beasts
  4 sky beasts
  A phantom (D:13)
  3 black bears
  A black bear (shapeshifter) (D:14)
  An eye of draining (shapeshifter) (Elf:2)
  An eye of draining (D:9)
  11 wolves
  2 necrophages
  26 ogres
  14 centaurs
  2 big kobolds (D:11)
  10 crocodiles
  19 bullfrogs
  A gnoll sergeant (D:7)
  5 earth elementals
  2 wyvern skeletons
  5 scorpions
  6 killer bees (D:10)
  3 electric eels (D:7)
  3 wights (D:7)
  4 howler monkeys
  5 lava snakes (Lair:6)
  4 bullfrog zombies
  A jelly (shapeshifter) (Elf:2)
  3 centaur zombies
  18 jellies
  19 orc wizards
  5 centaur skeletons
  13 orc priests
  Crazy Yiuf (D:3)
  3 bullfrog skeletons
  4 hounds
  5 iguanas
  16 worker ants
  15 hell rats (Lair:3)
  A hound zombie (D:5)
  3 hound skeletons
  A howler monkey skeleton (D:4)
  A worker ant zombie (D:7)
  3 gnolls (D:7)
  23 adders
  6 river rats (Lair:3)
  4 shadow imps
  13 white imps
  3 oozes
  An adder zombie (D:7)
  An adder skeleton (D:2)
  6 worms
  3 dart slugs
  6 leopard geckos
  74 orcs
  15 bats
  8 giant cockroaches
  5 goblins
  3 hobgoblins
  16 jackals
  9 quokkas
  3 ball pythons
  A ball python skeleton (D:5)
  8 frilled lizards
  A jackal zombie (D:6)
  16 kobolds
  21 rats
  A bush (Lair:5)
  3 fungi
  6 plants
1233 creatures vanquished.

Vanquished Creatures (collateral kills)
  2 yaks (Lair:1)
2 creatures vanquished.

Vanquished Creatures (others)
  A deep elf mage (Elf:1)
  A faun (Shoals:2)
  A wyvern (Lair:6)
  A yak (Lair:1)
  A warg (Orc:2)
  An acid dragon (Gauntlet)
  2 orc warriors (Orc:2)
  An ogre (Orc:2)
  3 orcs (Orc:2)
  A bush (Lair:6)
  16 fungi
  20 plants
49 creatures vanquished.

Grand Total: 1284 creatures vanquished

Notes
Turn   | Place    | Note
-------+----------+-------------------------------------------
     0 | D:1      | Mazzaar the Gargoyle Earth Elementalist began the quest for
                  | the Orb.
     0 | D:1      | Reached XP level 1. HP: 10/10 MP: 3/3
   597 | D:1      | Reached XP level 2. HP: 15/15 MP: 3/5
  1388 | D:1      | Reached XP level 3. HP: 15/19 MP: 4/6
  1419 | D:1      | Learned a level 3 spell: Stone Arrow
  1846 | D:2      | Reached skill level 1 in Conjurations
  1851 | D:2      | Reached skill level 3 in Spellcasting
  1851 | D:2      | Reached XP level 4. HP: 13/24 MP: 1/8
  2715 | D:3      | Reached skill level 5 in Earth Magic
  2762 | D:3      | Reached XP level 5. HP: 22/28 MP: 3/9
  2771 | D:3      | Learned a level 5 spell: Lee's Rapid Deconstruction
  3385 | D:3      | Noticed Grinder
  3393 | D:3      | Paralysed by Grinder for 7 turns
  3403 | D:3      | Killed Grinder
  3403 | D:3      | Reached skill level 4 in Spellcasting
  3403 | D:3      | Reached XP level 6. HP: 24/32 MP: 4/12
  3977 | D:3      | Found a runed door.
  3981 | D:3      | Noticed Crazy Yiuf
  3983 | D:3      | Killed Crazy Yiuf
  4521 | D:4      | Found a basalt altar of Yredelemnul.
  4875 | D:4      | Reached XP level 7. HP: 36/36 MP: 13/13
  5307 | D:4      | Noticed Sigmund
  5313 | D:4      | Killed Sigmund
  5435 | D:4      | Found a staircase to the Ecumenical Temple.
  5454 | Temple   | Entered the Ecumenical Temple
  5499 | Temple   | Became a worshipper of Vehumet
  5694 | D:4      | Learned a level 2 spell: Passwall
  5738 | D:5      | Entered Level 5 of the Dungeon
  5785 | D:5      | Reached skill level 5 in Spellcasting
  6006 | D:5      | Reached XP level 8. HP: 41/41 MP: 15/15
  6116 | D:5      | Noticed a moth of wrath
  6121 | D:5      | Found a bloodstained altar of Trog.
  6469 | D:5      | Reached skill level 5 in Conjurations
  6482 | D:5      | Reached skill level 1 in Armour
  6507 | D:5      | Reached skill level 1 in Fighting
  6507 | D:5      | Reached skill level 1 in Maces & Flails
  6681 | D:5      | Reached skill level 1 in Evocations
  6697 | D:5      | Reached * piety under Vehumet
  6697 | D:5      | Offered knowledge of Sting by Vehumet.
  7015 | D:5      | Found an opulent altar of Gozag.
  7210 | D:6      | Found a hazy altar of Hepliaklqana.
  7496 | D:6      | Got a clouded lead ring
  7498 | D:6      | Identified the ring "Hoasanir" {rPois rC- rN+++} (You found
                  | it on level 6 of the Dungeon)
  8168 | D:7      | Found Ganousm's Magic Scroll Shoppe.
  8178 | D:7      | Reached XP level 9. HP: 47/49 MP: 11/17
  8472 | D:7      | Noticed Prince Ribbit
  8478 | D:7      | Killed Prince Ribbit
  8515 | D:7      | Found a glowing golden altar of the Shining One.
  8880 | D:7      | Bought a scroll of identify for 22 gold pieces
  8880 | D:7      | Bought a scroll of identify for 22 gold pieces
  8880 | D:7      | Bought a scroll of enchant weapon for 82 gold pieces
  8880 | D:7      | Bought a scroll of identify for 22 gold pieces
  8880 | D:7      | Bought a scroll of identify for 22 gold pieces
  8880 | D:7      | Bought a scroll of immolation for 38 gold pieces
  8921 | D:7      | Found a hide-covered altar of Uskayaw.
  9054 | D:7      | Offered knowledge of Magic Dart by Vehumet.
  9282 | D:8      | Reached ** piety under Vehumet
  9798 | D:8      | Got a warped lead ring
  9800 | D:8      | Identified the ring "Wyeruum" {rPois rF+ rC+ Dex+3} (You
                  | found it on level 8 of the Dungeon)
  9819 | D:8      | Reached skill level 6 in Spellcasting
 10292 | D:8      | Reached XP level 10. HP: 56/56 MP: 19/19
 11392 | D:9      | Found a deep blue altar of Sif Muna.
 11459 | D:9      | Found a staircase to the Orcish Mines.
 11537 | D:9      | Offered knowledge of Throw Flame by Vehumet.
 11811 | D:10     | Entered Level 10 of the Dungeon
 11811 | D:10     | Noticed an eight-headed hydra
 11818 | D:10     | Killed an eight-headed hydra
 11941 | D:10     | Found a staircase to the Lair.
 11983 | D:10     | Noticed an elephant
 11997 | D:10     | Killed an elephant
 11997 | D:10     | Reached skill level 5 in Fighting
 11997 | D:10     | Reached skill level 5 in Armour
 12171 | D:10     | Found a hazy altar of Hepliaklqana.
 12187 | D:10     | Identified a scroll of acquirement
 12250 | D:10     | Reached *** piety under Vehumet
 12401 | D:10     | Reached XP level 11. HP: 52/64 MP: 9/21
 12639 | D:10     | Found the +7 Singing Sword {slice, sonic wave}
 12666 | D:10     | Offered knowledge of Mephitic Cloud by Vehumet.
 12795 | D:10     | Reached skill level 7 in Spellcasting
 12810 | D:10     | Noticed Josephine
 12816 | D:10     | Reached skill level 5 in Maces & Flails
 12816 | D:10     | Killed Josephine
 12971 | D:11     | Noticed a cyclops
 12978 | D:11     | Killed a cyclops
 13056 | D:11     | Found a gate leading to a gauntlet.
 13067 | Gauntlet | Entered a Gauntlet
 13067 | Gauntlet | Found a transporter.
 13069 | Gauntlet | Noticed a wizard
 13076 | Gauntlet | Found a transporter.
 13078 | Gauntlet | Found a transporter.
 13085 | Gauntlet | Found a runed gate.
 13085 | Gauntlet | Found a runed gate.
 13085 | Gauntlet | Found a runed gate.
 13085 | Gauntlet | Noticed an oklob plant
 13087 | Gauntlet | Found a transporter.
 13089 | Gauntlet | Found a transporter.
 13091 | Gauntlet | Noticed an orange crystal statue
 13099 | Gauntlet | Found a transporter.
 13114 | Gauntlet | Found a transporter.
 13122 | Gauntlet | Noticed a thrashing horror
 13122 | Gauntlet | Noticed a thrashing horror
 13124 | Gauntlet | Found a transporter.
 13134 | Gauntlet | Found a transporter.
 13144 | Gauntlet | Noticed an eight-headed hydra
 13148 | Gauntlet | Found a transporter.
 13163 | Gauntlet | Found a transporter.
 13164 | Gauntlet | Found a transporter.
 13210 | Gauntlet | Found a transporter.
 13224 | Gauntlet | Found a transporter.
 13226 | Gauntlet | Noticed an oklob plant
 13257 | Gauntlet | Noticed a moth of wrath
 13263 | Gauntlet | Found the +18 shield of the Gong {rElec rN+ MR+ EV-5}
 13360 | Gauntlet | Killed a wizard
 13360 | Gauntlet | Reached skill level 5 in Evocations
 13406 | Gauntlet | Found a transporter.
 13408 | Gauntlet | Found a runed gate.
 13410 | Gauntlet | Found a runed gate.
 13416 | Gauntlet | Found a transporter.
 13429 | Gauntlet | Found a transporter.
 13430 | Gauntlet | Found a transporter.
 13432 | Gauntlet | Found a transporter.
 13800 | Gauntlet | Found a transporter.
 13800 | Gauntlet | Found a transporter.
 13808 | Gauntlet | Got a steaming cloak
 13821 | Gauntlet | Noticed a minotaur
 13825 | Gauntlet | Killed a minotaur
 13825 | Gauntlet | Reached skill level 5 in Dodging
 13837 | Gauntlet | Identified the cursed +0 cloak of Suafoczo {MP+9 Stlth+}
                  | (You found it in a Gauntlet)
 14170 | D:11     | Noticed a cyclops
 14183 | D:11     | Killed a cyclops
 14418 | D:11     | Found a runed door.
 14500 | D:11     | Found a blossoming altar of Fedhas.
 14509 | D:11     | Found a radiant altar of Vehumet.
 14523 | D:11     | Found a basalt altar of Yredelemnul.
 14567 | D:11     | Found a glowing golden altar of the Shining One.
 14847 | D:11     | Found a shadowy altar of Dithmenos.
 15052 | D:11     | Found a radiant altar of Vehumet.
 15182 | D:11     | Reached skill level 10 in Earth Magic
 15189 | D:11     | Reached **** piety under Vehumet
 15209 | D:11     | Reached XP level 12. HP: 71/71 MP: 23/23
 15386 | D:11     | Offered knowledge of Sticky Flame by Vehumet.
 15777 | D:12     | Upgraded the game from 0.23-a0-650-ga4d50d4d25 to
                  | 0.23-a0-666-g28d4f2f0af
 15927 | D:12     | Noticed an eight-headed hydra
 16040 | D:12     | Killed an eight-headed hydra
 16481 | D:12     | Found a sacrificial altar of Ru.
 17004 | D:13     | Noticed a tengu warrior
 17006 | D:13     | Noticed a tengu warrior
 17010 | D:13     | Killed a tengu warrior
 17010 | D:13     | Reached skill level 8 in Spellcasting
 17021 | D:13     | Killed a tengu warrior
 17671 | D:13     | Noticed a two-headed ogre
 17674 | D:13     | Reached ***** piety under Vehumet
 17681 | D:13     | Killed a two-headed ogre
 17883 | D:13     | Offered knowledge of Irradiate by Vehumet.
 17890 | D:13     | Learned a level 5 spell: Irradiate
 18345 | D:14     | Noticed a two-headed ogre
 18349 | D:14     | Killed a two-headed ogre
 18349 | D:14     | Reached XP level 13. HP: 78/78 MP: 24/25
 19079 | D:14     | Found a blossoming altar of Fedhas.
 19541 | D:14     | Noticed an ettin
 19549 | D:14     | Killed an ettin
 19687 | D:14     | Found a gate to the Vaults.
 19765 | D:15     | Entered Level 15 of the Dungeon
 19765 | D:15     | Found Plog's General Store.
 19804 | D:15     | Reached skill level 10 in Conjurations
 19853 | D:15     | Found a flickering gateway to a bazaar.
 19859 | Bazaar   | Entered a bazaar
 19859 | Bazaar   | Found Wotin's Distillery.
 19859 | Bazaar   | Found Paug's Antique Weapon Boutique.
 19859 | Bazaar   | Found Vaenejoh's Gadget Shoppe.
 19859 | Bazaar   | Found Ymasoll's Assorted Antiques.
 20013 | Bazaar   | Found Xizuesk's Food Emporium.
 20013 | Bazaar   | Found Vueqeg's Book Shop.
 20032 | Bazaar   | Bought 2 grey potions for 39 gold pieces
 20067 | Bazaar   | Bought a glowing morningstar for 238 gold pieces
 20081 | Bazaar   | Bought a book of Fire for 1040 gold pieces
 20081 | Bazaar   | Bought a book of Annihilations for 1766 gold pieces
 20102 | Bazaar   | Bought a potion of heal wounds for 50 gold pieces
 20102 | Bazaar   | Bought a potion of might for 40 gold pieces
 20102 | Bazaar   | Bought a potion of brilliance for 40 gold pieces
 20102 | Bazaar   | Bought a potion of cancellation for 80 gold pieces
 20102 | Bazaar   | Bought a potion of mutation for 80 gold pieces
 20116 | Bazaar   | Bought a ration for 45 gold pieces
 20116 | Bazaar   | Bought a ration for 45 gold pieces
 20116 | Bazaar   | Bought a ration for 45 gold pieces
 20116 | Bazaar   | Bought a ration for 45 gold pieces
 20116 | Bazaar   | Bought a ration for 45 gold pieces
 20116 | Bazaar   | Bought a ration for 45 gold pieces
 20127 | D:15     | Found Edodoc's Armour Emporium.
 20202 | D:15     | Noticed an ettin
 20204 | D:15     | Reached skill level 9 in Spellcasting
 20209 | D:15     | Killed an ettin
 20312 | D:15     | Found a staircase to the Depths.
 20372 | D:15     | Learned a level 6 spell: Bolt of Fire
 20461 | D:15     | Found Tilaqah's Armour Emporium.
 21081 | D:15     | Gained mutation: You are occasionally teleported next to
                  | monsters. [potion of mutation]
 21081 | D:15     | Gained mutation: Your muscles are strong. (Str +2) [potion
                  | of mutation]
 21081 | D:15     | Gained mutation: You are partially covered in slimy green
                  | scales. (AC +2) [potion of mutation]
 21081 | D:15     | Gained mutation: You have supernaturally acute eyesight.
                  | (SInv) [potion of mutation]
 21082 | D:15     | Lost mutation: You are occasionally teleported next to
                  | monsters. [potion of mutation]
 21082 | D:15     | Lost mutation: Your muscles are strong. (Str +2) [potion of
                  | mutation]
 21082 | D:15     | Lost mutation: You are partially covered in slimy green
                  | scales. (AC +2) [potion of mutation]
 21082 | D:15     | Lost mutation: You have supernaturally acute eyesight.
                  | (SInv) [potion of mutation]
 21082 | D:15     | Gained mutation: You are partially covered in slimy green
                  | scales. (AC +2) [potion of mutation]
 21082 | D:15     | Gained mutation: You occasionally shout uncontrollably at
                  | your foes. [potion of mutation]
 21082 | D:15     | Gained mutation: You are resistant to hostile enchantments.
                  | (MR+) [potion of mutation]
 21083 | D:15     | Lost mutation: You occasionally shout uncontrollably at
                  | your foes. [potion of mutation]
 21083 | D:15     | Lost mutation: You are resistant to hostile enchantments.
                  | (MR+) [potion of mutation]
 21083 | D:15     | Gained mutation: You are covered in fur. (AC +1) [potion of
                  | mutation]
 21083 | D:15     | Gained mutation: You are mostly covered in slimy green
                  | scales. (AC +3) [potion of mutation]
 21531 | Lair:1   | Entered Level 1 of the Lair of Beasts
 21574 | Lair:1   | Noticed Gastronok
 21586 | Lair:1   | Killed Gastronok
 21586 | Lair:1   | Reached skill level 1 in Fire Magic
 21586 | Lair:1   | Gained mutation: Your large and strong wings let you fly
                  | indefinitely. [Gargoyle growth]
 21586 | Lair:1   | Reached XP level 14. HP: 72/86 MP: 5/27
 21870 | Lair:1   | Noticed Nergalle
 21888 | Lair:1   | Killed Nergalle
 22445 | Lair:2   | Noticed Harold
 22465 | Lair:2   | Killed Harold
 22756 | Lair:2   | Found a staircase to the Shoals.
 24017 | Lair:3   | Noticed Urug
 24020 | Lair:3   | Killed Urug
 24111 | Lair:3   | Found a staircase to the Snake Pit.
 24428 | Lair:3   | Offered knowledge of Lightning Bolt by Vehumet.
 24495 | Lair:3   | You are sucked into a shaft for 2 floors!
 24689 | Lair:4   | Reached skill level 10 in Spellcasting
 24778 | Lair:3   | Found a runed door.
 24778 | Lair:3   | Noticed Azzok's ghost (journeyman OpEE)
 25219 | Lair:3   | Killed Azzok's ghost
 25219 | Lair:3   | Reached skill level 5 in Fire Magic
 25545 | Lair:4   | Noticed Sonja
 25576 | Lair:4   | Killed Sonja
 27086 | Lair:5   | Found a staircase to the Slime Pits.
 27780 | Lair:6   | Entered Level 6 of the Lair of Beasts
 27847 | Lair:6   | Learned a level 6 spell: Iron Shot
 28218 | Lair:6   | Offered knowledge of Iskenderun's Battlesphere by Vehumet.
 28337 | Lair:6   | Reached skill level 11 in Spellcasting
 28719 | Lair:6   | Reached XP level 15. HP: 83/92 MP: 30/30
 29904 | Lair:6   | Got an ebony flail
 29909 | Lair:6   | Identified the cursed +3 flail of the Boiling Point {venom,
                  | rF+ MP+9 Str-5 Int+7} (You found it on level 6 of the Lair
                  | of Beasts)
 30386 | Lair:6   | Found a large runed door.
 30386 | Lair:6   | Found a large runed door.
 30583 | Lair:6   | Reached skill level 12 in Spellcasting
 30958 | Orc:1    | Entered Level 1 of the Orcish Mines
 31228 | Orc:1    | Found a frozen archway.
 31234 | Orc:1    | Offered knowledge of Bolt of Cold by Vehumet.
 31244 | IceCv    | Entered an ice cave
 31916 | IceCv    | Found the +9 staff of Wucad Mu {channel}
 31934 | IceCv    | Got transparent ice dragon scales
 32624 | Orc:2    | Entered Level 2 of the Orcish Mines
 32686 | Orc:2    | Found a staircase to the Elven Halls.
 32729 | Orc:1    | Learned a level 8 spell: Ignition
 32892 | Orc:2    | Reached skill level 10 in Fire Magic
 34087 | Orc:2    | Reached XP level 16. HP: 96/96 MP: 28/32
 34258 | Orc:2    | Reached skill level 13 in Spellcasting
 34352 | Orc:2    | Found Neneluto's Antique Weapon Shop.
 34435 | Orc:2    | Found Ferysuge's Food Shop.
 34477 | Orc:2    | Found Hing's Food Emporium.
 34478 | Orc:2    | Found Noprah's Antique Armour Boutique.
 34488 | Orc:2    | Found Qapp's Food Boutique.
 34510 | Orc:2    | Bought a fabulously ornate robe for 216 gold pieces
 34510 | Orc:2    | Identified the +1 robe "Ukuttiq" {rElec Int+6} (You bought
                  | it in a shop on level 2 of the Orcish Mines)
 34688 | Orc:2    | Found a roughly hewn altar of Beogh.
 34905 | Elf:1    | Entered Level 1 of the Elven Halls
 35640 | Elf:1    | Found an ancient bone altar of Kikubaaqudgha.
 36025 | Elf:1    | You are sucked into a shaft!
 36044 | Elf:2    | Found Qeykoly's Book Shop.
 36260 | Elf:2    | Offered knowledge of Spellforged Servitor by Vehumet.
 36705 | Elf:1    | Reached skill level 14 in Spellcasting
 38033 | Elf:2    | Reached XP level 17. HP: 77/101 MP: 35/35
 38088 | Elf:2    | Noticed iamserjio's ghost (adept OpWn)
 38114 | Elf:2    | Found a transporter.
 38222 | Elf:2    | Found a transporter.
 38272 | Elf:2    | Killed iamserjio's ghost
 38292 | Elf:2    | Got a pair of distressingly furry gloves
 38328 | Elf:2    | Identified the +3 pair of gloves of Uryqu {rPois MR- Int+2
                  | Dex+4} (You found it on level 2 of the Elven Halls)
 38448 | Elf:2    | Found a runed gate.
 38450 | Elf:2    | Found a runed gate.
 38450 | Elf:2    | Found a runed gate.
 38558 | Elf:3    | Entered Level 3 of the Elven Halls
 38614 | Elf:3    | Noticed a deep elf blademaster
 38618 | Elf:3    | Killed a deep elf blademaster
 38618 | Elf:3    | Reached skill level 10 in Fighting
 38621 | Elf:3    | Noticed a deep elf master archer
 38624 | Elf:3    | Killed a deep elf master archer
 38628 | Elf:3    | HP: 5/102 [earth elemental[a deep elf elementalist] (17)]
 39005 | Elf:3    | Identified the cursed +0 halberd of Capital Punishment
                  | {flame, MR+}
 39011 | Elf:3    | Noticed a deep elf master archer
 39015 | Elf:3    | Killed a deep elf master archer
 39026 | Elf:3    | Found Coikes's Magic Scroll Shop.
 39033 | Elf:3    | Bought a scroll of blinking for 82 gold pieces
 39033 | Elf:3    | Bought a scroll of teleportation for 33 gold pieces
 39271 | Elf:3    | Identified the +1 robe of Trial and Error {MR+ SInv}
 39523 | Elf:3    | Noticed a deep elf blademaster
 39528 | Elf:3    | Killed a deep elf blademaster
 40190 | Elf:3    | Reached XP level 18. HP: 105/108 MP: 13/36
 40311 | Elf:3    | Identified the +5 scale mail of the Meadowlark {*Drain
                  | rPois rN+ Str+2}
 40926 | Elf:3    | Offered knowledge of Freezing Cloud by Vehumet.
 40966 | Elf:3    | Identified the Guide on Transmigration and Bewitchment
 41036 | Elf:3    | Reached skill level 15 in Spellcasting
 41541 | Elf:3    | Killed a ghostly deep elf master archer
 41541 | Elf:3    | Reached skill level 10 in Maces & Flails
 41762 | Elf:3    | Found Coikes's Magic Scroll Shop.
 42309 | Snake:1  | Entered Level 1 of the Snake Pit
 43409 | Snake:2  | Found Tuorya's General Store.
 44079 | Snake:2  | Found Den Poff's Book Shoppe.
 44116 | Snake:2  | Found Qealeose's General Store.
 44122 | Snake:2  | Bought a scroll of enchant armour for 142 gold pieces
 44210 | Snake:2  | Identified the Papyrus of Beguiling and Displacement
 45373 | Snake:3  | Found a shadowy altar of Dithmenos.
 46424 | Snake:3  | Identified Roxanne's Collected Works on Stones
 46424 | Snake:3  | Noticed Roxanne
 46427 | Snake:3  | Killed Roxanne
 46440 | Snake:3  | Reached ****** piety under Vehumet
 46449 | Snake:3  | Reached XP level 19. HP: 103/115 MP: 31/38
 46950 | Snake:4  | Entered Level 4 of the Snake Pit
 47207 | Snake:4  | Offered knowledge of Orb of Destruction by Vehumet.
 47389 | Snake:4  | Found an opulent altar of Gozag.
 49142 | Snake:4  | Offered knowledge of Tornado by Vehumet.
 49851 | Snake:4  | Got a serpentine rune of Zot
 50060 | Shoals:1 | Entered Level 1 of the Shoals
 50154 | Shoals:1 | Reached skill level 10 in Dodging
 50670 | Shoals:1 | Reached XP level 20. HP: 84/123 MP: 39/39
 51412 | Shoals:2 | Found Kuchaate's Weapon Boutique.
 51441 | Shoals:2 | HP: 3/124 [satyr/arrow (12)]
 51441 | Shoals:2 | Killed from afar by a manticore

Vault maps used:
D:1:      dpeg_arrival_rooms_b
D:3:      uniq_crazy_yiuf_cottage, uniq_grinder
D:4:      lemuel_crystal_altar, minmay_temple_entry_nine_rooms, first_ration,
          due_unseen_surprise, uniq_sigmund
D:5:      minmay_general_purpose_star, tgw_trog,
          nicolae_gozag_cash_rules_everything_around_me
D:6:      kennysheep_mini_moat
D:7:      serial_shops, nicolae_shop_statue_plus, basic_altar,
          serial_column_ruins, column_ruins_temple_circle,
          column_ruins_open_small, column_ruins_grid_1,
          column_ruins_corridor_corner, column_ruins_columns_corner,
          column_ruins_open_small_water, serial_bayou_ford_a,
          minmay_misc_feat_ornament, uniq_prince_ribbit1
D:9:      led_sif_pool, orc_0_dummy
D:10:     david_lair_generic, basic_altar, uniq_josephine
D:11:     due_megacathedral, gauntlet_entry_generic
D:12:     nicolae_ru_sacrificial_ziggurat
D:13:     grunt_livestock
D:14:     david_vaults_4, roderic_cross_of_infinity, fedhas_altar_1
D:15:     hangedman_depths_entry_civil_slaughter, roderic_lattice_a,
          serial_shops, bzr_entry_road,
          nicolae_shop_competitors_out_of_business,
          nicolae_shop_competitors_out_of_business, shop, st_stairs_14,
          chequers_serial_rivers_small_a, chequers_serial_rivers_small_a
Temple:   eino_narrow_crystal_temple
Lair:1:   uniq_gastronok, uniq_nergalle
Lair:2:   minmay_shoals_entry_lonely_mermaid, uniq_harold
Lair:3:   dummy_snake_entry, hellmonk_ghost_happy_afterlife,
          kennysheep_abandoned_house, grunt_megastairs_3, uniq_urug
Lair:4:   grunt_megastairs_5, uniq_sonja
Lair:5:   minmay_slime_entry_jelly_boxes, lemuel_fruit_fields
Lair:6:   cheibrodos_lair_end_hotspot, wad_woods_antlair,
          minmay_lair_oklob_chamber
Shoals:2: serial_shops, shop, nicolae_shoals_flooded_hall, uniq_polyphemus,
          uniq_nikola
Snake:1:  grunt_ministairs_13, serial_bayou_pond_e
Snake:2:  serial_shops, shop, nicolae_shop_waterfront, shop, st_stairs_13,
          nrook_loot_triangle
Snake:3:  basic_altar, uniq_roxanne
Snake:4:  grunt_snake_rune_serpentine_throne, basic_altar
Orc:1:    portal_ice_cave_entry_imps, nicolae_orc_damp_corner
Orc:2:    st_orc_open, serial_shops, shop, basic_altar, minmay_orc_keep
Elf:1:    minmay_elf_arrival_circle, basic_altar, evilmike_minifort,
          item_on_display_b
Elf:2:    gammafunk_ghost_berserking_beasts, serial_shops, nicolae_shop_crystal
Elf:3:    grunt_elf_hall_spiral, serial_shops, shop
Bazaar:   bazaar_minmay_generic_island
IceCv:    ice_cave_statue_garden_chambered
Gauntlet: minmay_gauntlet_77_tree

Skill      XL: |  1  2  3  4  5  6  7  8  9 10 11 12 13 14 15 16 17 18 19 |
---------------+----------------------------------------------------------+-----
Earth Magic    | 4 5 6 7 8 9 10 11 12 13 14 | 14.8
Conjurations   | 1 3 4 5 6 7 8 9 10 11 12 13 | 13.5
Spellcasting   | 3 4 5 6 7 8 9 11 12 14 15 | 15.8
Armour         | 2 3 5 6 |  6.0
Fighting       | 2 4 5 6 8 9 10 11 12 | 12.6
Maces & Flails | 2 3 4 5 7 8 9 10 11 | 11.6
Dodging        | 2 3 4 5 6 7 8 9 10 | 10.1
Evocations     | 1 3 4 5 6 |  6.0
Fire Magic     | 1 7 10 13 14 | 14.8
Stealth        | |  2.1
Transmutations | |  0.7

Action                   |  1- 3 |  4- 6 |  7- 9 | 10-12 | 13-15 | 16-18 | 19-21 || total
-------------------------+-------+-------+-------+-------+-------+-------+-------++-------
Melee: Unarmed           |    26 |       |       |       |       |       |       ||    26
       Dagger            |    55 |    57 |       |       |       |       |       ||   112
       Short sword       |       |    16 |       |       |       |       |       ||    16
       Mace              |       |    49 |    10 |       |       |       |       ||    59
       Trident           |       |       |    25 |       |       |       |       ||    25
       Morningstar       |       |       |   247 |   457 |   951 |   393 |   253 ||  2301
       Double sword      |       |       |       |    13 |       |       |       ||    13
 Cast: Sandblast         |    38 |    55 |    82 |   111 |   104 |     8 |    10 ||   408
       Stone Arrow       |     1 |     4 |     7 |    53 |    49 |     1 |       ||   115
       Passwall          |       |       |     2 |       |       |       |       ||     2
       Lee's Rapid Decon |       |       |     7 |    38 |    21 |    14 |       ||    80
       Bolt of Fire      |       |       |       |       |   157 |    47 |     4 ||   208
       Iron Shot         |       |       |       |       |    47 |   111 |    28 ||   186
       Ignition          |       |       |       |       |       |    71 |    42 ||   113
 Abil: Fly               |       |       |       |       |     1 |       |       ||     1
Evoke: Wand              |       |       |       |     6 |     8 |       |     1 ||    15
       Phantom mirror    |       |       |       |       |       |     1 |       ||     1
       Lamp of fire      |       |       |       |       |       |       |     1 ||     1
  Use: Scroll            |       |    11 |    14 |    12 |    16 |    17 |     3 ||    73
       Potion            |       |     1 |     2 |     5 |     6 |     7 |       ||    21
 Stab: Sleeping          |     1 |     3 |     5 |     5 |    18 |     2 |       ||    34
       Distracted        |       |       |       |       |     1 |       |       ||     1
  Eat: Chunk             |     3 |    10 |    33 |    36 |   120 |    83 |    24 ||   309
       Ration            |       |       |       |       |       |     3 |     5 ||     8
Armor: Robe              |    31 |    45 |   221 |   389 |   617 |   269 |   231 ||  1803
Dodge: Dodged            |    53 |    71 |   309 |   581 |  1117 |   372 |   320 ||  2823
       Rpst.: Double sword |       |       |       |     5 |       |       |       ||     5

Table legend:
 A = Non-vault XP
 B = Vault XP
 C = Vault XP percentage of total XP
 D = Non-vault monster count
 E = Vault monster count
 F = Vault count percentage of total count
                 A         B        C        D         E       F
            +---------+---------+-------+---------+---------+-------
      Total |  241639 |  171512 |  41.5 |     882 |     346 |  28.2
            +---------+---------+-------+---------+---------+-------
        D:1 |      43 |       0 |   0.0 |      25 |       0 |   0.0
        D:2 |      93 |       0 |   0.0 |      20 |       0 |   0.0
        D:3 |     124 |     312 |  71.6 |      28 |       2 |   6.7
        D:4 |     164 |     231 |  58.5 |      22 |       1 |   4.3
        D:5 |     841 |     199 |  19.1 |      26 |       9 |  25.7
        D:6 |     205 |       0 |   0.0 |       8 |       0 |   0.0
        D:7 |    1134 |     268 |  19.1 |      27 |       1 |   3.6
        D:8 |    1371 |       0 |   0.0 |      18 |       0 |   0.0
        D:9 |    1672 |       0 |   0.0 |      18 |       0 |   0.0
       D:10 |    3724 |    2640 |  41.5 |      26 |       8 |  23.5
       D:11 |    3068 |    1705 |  35.7 |      41 |       6 |  12.8
       D:12 |    4693 |       0 |   0.0 |      46 |       0 |   0.0
       D:13 |    5980 |     978 |  14.1 |      24 |       5 |  17.2
       D:14 |    7736 |    1907 |  19.8 |      32 |       3 |   8.6
       D:15 |    7005 |    4719 |  40.3 |      14 |       7 |  33.3
     Lair:1 |    2945 |    3063 |  51.0 |      16 |       2 |  11.1
     Lair:2 |    5089 |    1447 |  22.1 |      23 |       2 |   8.0
     Lair:3 |    3279 |    2341 |  41.7 |      25 |      23 |  47.9
     Lair:4 |    4872 |     807 |  14.2 |      23 |       1 |   4.2
     Lair:5 |    2141 |     598 |  21.8 |      10 |      15 |  60.0
     Lair:6 |   11687 |   16294 |  58.2 |      43 |      52 |  54.7
   Shoals:1 |   20376 |       0 |   0.0 |      40 |       0 |   0.0
   Shoals:2 |    4214 |    3368 |  44.4 |      10 |       8 |  44.4
    Snake:1 |   15498 |    1690 |   9.8 |      26 |       2 |   7.1
    Snake:2 |   19016 |     436 |   2.2 |      37 |       1 |   2.6
    Snake:3 |   19415 |    1956 |   9.2 |      37 |       1 |   2.6
    Snake:4 |   20726 |   44170 |  68.1 |      44 |      64 |  59.3
      Orc:1 |    3927 |    1701 |  30.2 |      33 |      17 |  34.0
      Orc:2 |    2365 |   14268 |  85.8 |      32 |      41 |  56.2
      Elf:1 |   12550 |    8700 |  40.9 |      21 |      17 |  44.7
      Elf:2 |   28788 |    7089 |  19.8 |      46 |      13 |  22.0
      Elf:3 |   26898 |   45561 |  62.9 |      41 |      31 |  43.1
      IceCv |       0 |    3101 | 100.0 |       0 |      11 | 100.0
   Gauntlet |       0 |    1963 | 100.0 |       0 |       3 | 100.0
            +---------+---------+-------+---------+---------+-------
